 Dungeon Crawl Stone Soup version 0.26-a0-854-gdc81c2f471 (webtiles) character file.

Game seed: 3584262761846369498

948 miscthings the Chopper (level 8, -3/66 HPs)
             Began as a Ghoul Wanderer on Nov 23, 2020.
             Slain by a yak (12 damage)
             ... on level 5 of the Dungeon.
             The game lasted 00:08:25 (4775 turns).

miscthings the Chopper (Ghoul Wanderer)             Turns: 4775, Time: 00:08:26

Health: -3/66      AC:  8    Str: 18    XL:     8   Next: 13%
Magic:  11/11      EV: 10    Int:  6    God:
Gold:   332        SH:  9    Dex:  9    Spells: 12/12 levels left

rFire    . . .     SeeInvis +     - Unarmed
rCold    + . .     Faith    .   k - +0 buckler
rNeg     + + +     Spirit   .   y - +0 ring mail
rPois    ∞         Reflect  +   n - +2 helmet
rElec    .         Harm     .   (no cloak)
rCorr    .         Rampage  .   (no gloves)
MR       .....                  (no boots)
Stlth    +.........             u - amulet of reflection
HPRegen  0.00/turn              A - ring of see invisible
MPRegen  0.12/turn              (no ring)

@: no status effects
A: rotting body, claws 1, cold resistance 1, negative energy resistance 3,
inhibited regeneration, torment resistance, unbreathing
a: no special abilities


You were on level 5 of the Dungeon.
You visited 1 branch of the dungeon, and saw 5 of its levels.

You collected 332 gold pieces.

Inventory:

Hand Weapons
 a - a +0 club
 l - a +0 hand axe
 p - a +1 vampiric whip
Missiles
 g - 9 poisoned darts (quivered)
Armour
 k - a +0 buckler (worn)
 n - a +2 helmet (worn)
 y - a +0 ring mail (worn)
Jewellery
 u - an amulet of reflection (around neck)
 A - a ring of see invisible (left claw)
Wands
 d - a wand of random effects (1)
Scrolls
 e - a scroll of fog {unknown}
 h - 3 scrolls of immolation
 j - a scroll of remove curse
 m - a scroll of teleportation
 t - a scroll of fear {unknown}
 w - 2 scrolls of blinking
Potions
 b - a potion of heal wounds
 c - 4 potions of curing
 f - a potion of haste
 i - 2 potions of degeneration {unknown}
 o - a potion of brilliance {unknown}
 q - a potion of invisibility {unknown}
 r - 2 potions of attraction
 v - a potion of lignification {unknown}
 x - 2 potions of magic
 B - a potion of flight {unknown}


   Skills:
 - Level 3.8 Fighting
 + Level 6.1 Axes
 - Level 1.1 Stealth
 - Level 4.0 Shields
 - Level 3.2 Unarmed Combat
 - Level 2.6 Spellcasting
 - Level 1.7 Transmutations
 - Level 1.0 Evocations


You had 12 spell levels left.
You didn't know any spells.
Your spell library was empty.

Dungeon Overview and Level Annotations

Branches:
Dungeon (5/15)
 Temple: D:4-7

Altars:
Gozag
Trog
Uskayaw
Zin
The Shining One

Annotations:
D:4 1 runed translucent door, Demosthentine's ghost, novice FoFi


Innate Abilities, Weirdness & Mutations

Your body is rotting away.
You thrive by killing the living.
You are immune to poison.
You have sharp fingernails.
Your flesh is cold resistant. (rC+)
You are immune to negative energy. (rN+++)
You do not regenerate when monsters are visible.
You are immune to unholy pain and torment.
You can survive without breathing.


Message History

The yak gores you.
You barely miss the yak.
The yak is almost dead.
The yak gores you!
* * * LOW HITPOINT WARNING * * *
You scratch the yak but do no damage.
The yak is severely wounded.
The yak gores you.
* * * LOW HITPOINT WARNING * * *
You scratch the yak.
The yak is almost dead.
The yak gores you.
* * * LOW HITPOINT WARNING * * *
You scratch the yak.
The yak is almost dead.
The yak closely misses you.
You barely miss the yak.
The yak is almost dead.
The yak gores you!
You die...

... #..'.....#....... ...#+##
#..##...########. #.....#
###'###...###..###. #.....#
##.#...#............ #.....#
##..'...#............
#.....#######...#+###
#..##..###.
#...[.........##..####..##..###.
#.............#Y.........'..#...
#...........Y(+@.........#..+...
#.............###+####..###.####
#####....##'#.......##..###+###
#....#..#.......#.........#
#....+..#.......#.........#
#....#..+.......#.........#
#####.Y..#..#.......#.........#
#........#..#.......####.##..##
#........#..#####......#.##..###


You could see a yak.

Vanquished Creatures
  Sigmund (D:2)
  A phantom (D:5)
  2 ogres (D:4)
  A howler monkey (D:4)
  A hound (D:4)
  A bullfrog skeleton (D:4)
  A centaur skeleton (D:4)
  4 orc wizards
  6 worker ants
  A hound skeleton (D:3)
  3 adders
  A white imp (D:4)
  3 worms (D:2)
  2 dart slugs
  5 leopard geckos
  19 orcs
  3 ball pythons
  7 bats
  9 giant cockroaches
  8 hobgoblins
  2 quokkas (D:4)
  3 frilled lizards
  9 goblins
  2 jackal skeletons
  5 kobolds
  A leopard gecko skeleton (D:4)
  A quokka zombie (D:5)
  8 rats
110 creatures vanquished.

Notes
Turn   | Place    | Note
-------+----------+-------------------------------------------
     0 | D:1      | miscthings the Ghoul Wanderer began the quest for the Orb.
     0 | D:1      | miscthings set off with the following items: a +0 club, a
                  | potion of heal wounds, a potion of curing, a wand of random
                  | effects (15), a +0 robe, a potion of haste
     0 | D:1      | Reached XP level 1. HP: 14/14 MP: 3/3
    96 | D:1      | Reached skill level 1 in Fighting
   172 | D:1      | Reached XP level 2. HP: 10/24 MP: 4/4
   556 | D:1      | Reached skill level 1 in Shields
   863 | D:2      | Reached XP level 3. HP: 16/29 MP: 6/6
  1130 | D:2      | Found a bloodstained altar of Trog.
  1414 | D:2      | Reached XP level 4. HP: 36/36 MP: 7/7
  1498 | D:2      | Noticed Sigmund
  1506 | D:2      | Killed Sigmund
  1507 | D:2      | Reached XP level 5. HP: 45/45 MP: 8/8
  1956 | D:3      | Reached XP level 6. HP: 51/51 MP: 9/9
  2379 | D:3      | Reached skill level 1 in Axes
  2744 | D:3      | Found a glowing golden altar of the Shining One.
  2873 | D:4      | Reached skill level 2 in Axes
  3074 | D:4      | Reached skill level 3 in Axes
  3086 | D:4      | Reached XP level 7. HP: 38/58 MP: 10/10
  3313 | D:4      | Found a runed translucent door.
  3316 | D:4      | Noticed Demosthentine's ghost (novice FoFi)
  3335 | D:4      | Noticed a +0 hand axe
  3339 | D:4      | Noticed a +0 dagger
  3340 | D:4      | Found a hide-covered altar of Uskayaw.
  3351 | D:4      | Found an opulent altar of Gozag.
  3465 | D:4      | HP: 2/58 [shot self (7)]
  3482 | D:4      | Reached skill level 4 in Axes
  3962 | D:4      | Reached skill level 5 in Axes
  4208 | D:4      | Found a glowing silver altar of Zin.
  4325 | D:5      | Entered Level 5 of the Dungeon
  4374 | D:5      | Noticed a yak
  4374 | D:5      | Noticed a yak
  4577 | D:5      | Reached XP level 8. HP: 44/66 MP: 11/11
  4610 | D:5      | Reached skill level 6 in Axes
  4727 | D:5      | Noticed a yak
  4775 | D:5      | Slain by a yak

Illustrated notes

Levels and vault maps discovered:
D:1:      psy_arrival_conway, layout_basic, minmay_pentomino_o2
D:2:      layout_loops_corners, nicolae_overflow_crystal_walls,
          grunt_ministairs_2, uniq_sigmund
D:3:      layout_basic, tso_altar, serial_curves, eino_curves_02, eino_curves_03
D:4:      layout_loops_corners, nicolae_gozag_seed_capital,
          dancing_weapons_uskayaw, marbit_many_paths,
          ebering_ghost_reflecting_pool, kennysheep_generic_room_9
D:5:      layout_gridville, minmay_temple_entry_nine_rooms, grunt_ministairs_8

Skill      XL: |  1  2  3  4  5  6  7  8 |
---------------+-------------------------+-----
Fighting       | 1 2 3 |  3.8
Shields        | 1 2 4 |  4.0
Axes           | 3 5 6 |  6.1
Stealth        | |  1.1
Unarmed Combat | |  3.2
Spellcasting   | |  2.6
Transmutations | |  1.7
Evocations     | |  1.0

Action                   |  1- 3 |  4- 6 |  7- 9 || total
-------------------------+-------+-------+-------++-------
Melee: Unarmed           |    94 |   194 |   206 ||   494
       Punch             |     1 |       |       ||     1
Throw: Dart              |     4 |       |    13 ||    17
Evoke: Wand              |       |     7 |     7 ||    14
  Use: Scroll            |       |     6 |     6 ||    12
       Potion            |       |       |     1 ||     1
 Stab: Sleeping          |     2 |       |       ||     2
Armor: Robe              |    15 |    20 |       ||    35
       Ring mail         |       |    14 |    41 ||    55
Dodge: Dodged            |    52 |    62 |    55 ||   169
Block: Buckler           |    11 |    88 |    68 ||   167
       Reflection        |       |     1 |       ||     1

Table legend: (Time is in decaauts)
 A = Elapsed time spent in this place.
 B = Non-inter-level travel time spent in this place.
 C = Inter-level travel time spent in this place.
 D = Time resting spent in this place.
 E = Time spent auto-exploring this place.
 F = Levels seen in this place.
 G = Mean time per level.
                   A        B        C        D        E       F      G
               +--------+--------+--------+--------+--------+-----+--------+
         Total |   4750 |   4500 |    250 |    899 |   2537 |   5 |  950.0 |
       Dungeon |   4750 |   4500 |    250 |    899 |   2537 |   5 |  950.0 |
               +--------+--------+--------+--------+--------+-----+--------+

Top non-repeatable levels by time:
     D:4: 1478 daAuts
     D:2: 1159 daAuts
     D:1: 835 daAuts
     D:3: 832 daAuts
     D:5: 444 daAuts
